AoeStats
← Moul_Thon

Arena

509241176Analyzed
3v3 RM · 7d ago on Sep 26, 2026· 44m 48s· 6 players
Game mode
Random Map
Map size
Normal (6 player)
Population
200
Speed
Normal
Resources
Standard
Victory
Conquest
Starting age
Dark Age
Ending age
Imperial Age
RankedLock teamsTeams togetherTeam positionsShared explorationLock speedFull tech treeHidden civsTurbo modeCheats
Victory
Defeat
🇲🇦 Celts · Morocco
1254
+14
🇲🇦 Celts · Morocco
1229
+15
🇲🇦 Cumans · Morocco
1163
+18
🇵🇪 Lithuanians · Peru
1350
-22
🇨🇱 Mongols · Chile
1210
-16
🇨🇱 Aztecs · Chile
1048
-9
DITO_san
10:32 Feudal Age
11:21 Double-Bit Axe
14:05 Castle Age
12:32 Horse Collar
15:10 Bow Saw
20:12 Wheelbarrow
25:57 Imperial Age
23:24 Stone Mining
23:38 Heavy Plow
25:00 Loom
25:23 Scale Barding Armor
26:25 Chain Barding Armor
26:50 Gold Mining
27:13 Forging
27:16 Bloodlines
27:07 Husbandry
27:57 Cavalier
29:06 Town Watch
30:15 Plate Barding Armor
31:37 Iron Casting
32:51 Masonry
34:36 Chemistry
34:08 Guard Tower
34:10 Fletching
35:08 Hand Cart
35:29 Crop Rotation
36:09 Paladin
39:37 Paladin
Njamv
9:29 Feudal Age
10:32 Double-Bit Axe
15:31 Castle Age
13:50 Horse Collar
15:56 Gold Mining
16:52 Wheelbarrow
20:19 Forging
23:17 Scale Barding Armor
24:26 Iron Casting
25:13 Bloodlines
25:12 Husbandry
26:04 Chain Barding Armor
29:06 Heavy Plow
30:21 Fletching
30:32 Padded Archer Armor
35:38 Imperial Age
33:59 Ballistics
34:11 Leather Archer Armor
34:19 Bow Saw
34:59 Bodkin Arrow
36:22 Heavy Cavalry Archer
38:20 Chemistry
40:02 Thumb Ring
jpezpuma
6:24 Loom
10:48 Feudal Age
11:58 Double-Bit Axe
18:11 Castle Age
20:16 Fervor
21:32 Eagle Warrior
29:17 Crossbowman
31:52 Treadmill Crane
40:52 Fletching
41:04 Padded Archer Armor
42:19 Ballistics
42:12 Bodkin Arrow
Moul_Thon
12:39 Feudal Age
13:33 Double-Bit Axe
13:52 Horse Collar
16:21 Castle Age
16:10 Wheelbarrow
17:29 Bow Saw
21:48 Heavy Plow
23:22 Gold Mining
24:58 Gold Shaft Mining
29:44 Imperial Age
27:32 Hand Cart
27:58 Scale Mail Armor
28:08 Forging
28:44 Pikeman
29:10 Gambesons
29:12 Arson
29:50 Chain Mail Armor
30:10 Iron Casting
30:09 Town Watch
29:57 Halberdier
30:59 Conscription
31:33 Plate Mail Armor
30:44 Capped Ram
32:12 Loom
33:29 Blast Furnace
32:51 Siege Ram
34:20 Town Patrol
39:07 Elite Woad Raider
40:28 Stone Mining
Sradi7
11:14 Feudal Age
16:06 Castle Age
14:23 Scale Mail Armor
17:31 Chain Mail Armor
18:05 Gold Mining
27:55 Wheelbarrow
28:10 Double-Bit Axe
29:02 Gold Shaft Mining
31:14 Town Watch
31:15 Loom
32:00 Horse Collar
32:15 Stone Mining
36:58 Imperial Age
35:32 Hand Cart
35:31 Bow Saw
36:46 Forging
37:54 Pikeman
38:20 Arson
38:49 Halberdier
41:51 Conscription
41:42 Furor Celtica
40:52 Elite Woad Raider
43:50 Heavy Scorpion
[ALWM]jinikoro
12:09 Feudal Age
12:52 Double-Bit Axe
13:29 Horse Collar
13:57 Gold Mining
15:57 Wheelbarrow
19:43 Castle Age
21:44 Bow Saw
21:52 Heavy Plow
23:37 Hand Cart
25:11 Loom
30:38 Imperial Age
28:31 Scale Mail Armor
28:42 Forging
28:38 Scale Barding Armor
30:11 Chain Mail Armor
30:54 Iron Casting
31:10 Gold Shaft Mining
31:54 Chain Barding Armor
30:56 Cavalier
32:20 Crop Rotation
32:54 Two-Man Saw
32:38 Paladin
34:34 Plate Mail Armor
34:40 Plate Barding Armor
34:45 Conscription
37:43 Blast Furnace
39:00 Chemistry
Connection lost

Rejoining the realm…

Still unreachable

The connection could not be restored.

Session expired

The server has moved on; the page needs a fresh start.